SNL (28 & UNDER)
BEAUMONT ROUGHNECKS @ SALEM SILVER SOULS
08/23/2030
 
TOP OF THE 1ST
Beaumont Roughnecks batting - Pitching for Salem Silver Souls : RHP Roberto Deleón
Pitching: RHP Roberto Deleón
Batting: RHB Jeff Vickers 0-0: Called Strike
0-1: Foul Ball, location: 2F
0-2: Strikes out looking
Batting: RHB Cole Boehmer 0-0: Ball
1-0: Called Strike
1-1: Foul Ball, location: 2F
1-2: Strikes out swinging
Batting: LHB Corey MacGregor 0-0: Called Strike
0-1: Called Strike
0-2: Ball
1-2: Foul Ball, location: 2F
1-2: Foul Ball, location: 2F
1-2: Ball
2-2: Ball
3-2: Foul Ball, location: 2F
3-2: Base on Balls
Batting: SHB Miguel González 0-0: Ball
1-0: Called Strike
1-1: Called Strike
1-2: Ball
2-2: Strikes out swinging
Top of the 1st over - 0 runs, 0 hits, 0 errors, 1 left on base; Beaumont 0 - Salem 0
BOTTOM OF THE 1ST
Salem Silver Souls batting - Pitching for Beaumont Roughnecks : LHP Carlos Hernández
Pitching: LHP Carlos Hernández
Batting: RHB Pedro Rivera 0-0: Ball
1-0: Called Strike
1-1: Ball
2-1: Ball
3-1: Base on Balls
Batting: RHB Jim Villiers 0-0: Ball
1-0: Foul Ball, location: 2F
1-1: Foul Ball, location: 2F
1-2: Foul Ball, location: 2F
1-2: Ball
2-2: Foul Ball, location: 2F
2-2: Ball
3-2: Fly out, F8 (Line Drive, 8LXD)
Runner from 1st tags up, SAFE at 2nd
Batting: LHB Caleb Hall 0-0: Called Strike
0-1: Ball
1-1: Ball
2-1: Ball
3-1: Foul Ball, location: 2F
3-2: Strikes out swinging
Batting: RHB Júlio Rodríguez 0-0: Ground out 5-3 (Groundball, 56)
Bottom of the 1st over - 0 runs, 0 hits, 0 errors, 1 left on base; Beaumont 0 - Salem 0
TOP OF THE 2ND
Beaumont Roughnecks batting - Pitching for Salem Silver Souls : RHP Roberto Deleón
Batting: RHB Jim MacAchounich 0-0: Called Strike
0-1: Ground out 3-1 (Groundball, 34S)
Batting: LHB John Fitzgerald 0-0: Called Strike
0-1: Ball
1-1: Foul Ball, location: 2F
1-2: Ball
2-2: Ground out 5-3 (Groundball, 56)
Batting: RHB António Rodríguez 0-0: Ball
1-0: Ball
2-0: Ball
3-0: Called Strike
3-1: Ground out 4-3 (Groundball, 4)
Top of the 2nd over - 0 runs, 0 hits, 0 errors, 0 left on base; Beaumont 0 - Salem 0
BOTTOM OF THE 2ND
Salem Silver Souls batting - Pitching for Beaumont Roughnecks : LHP Carlos Hernández
Batting: RHB Gilberto León 0-0: Ground out 6-3 (Groundball, 6)
Batting: RHB Armando García 0-0: Foul Ball, location: 2F
0-1: Ball
1-1: Swinging Strike
1-2: Foul Ball, location: 2F
1-2: Strikes out looking
Batting: RHB Juan Becerra 0-0: Ball
1-0: Ball
2-0: Ball
3-0: Called Strike
3-1: Swinging Strike
3-2: Base on Balls
Batting: RHB Elpidio Martinho 0-0: SINGLE (Flyball, 78M)
Juan Becerra to second
Juan Becerra to third
Batting: LHB Felipe Rivera 0-0: Ball
1-0: Foul Ball, location: 2F
1-1: Foul Ball, location: 2F
1-2: Ball
2-2: Ball
3-2: Foul Ball, location: 2F
3-2: Foul Ball, location: 2F
3-2: Foul Ball, location: 2F
3-2: Ground out U3 (Groundball, 3S)
Bottom of the 2nd over - 0 runs, 1 hit, 0 errors, 2 left on base; Beaumont 0 - Salem 0
TOP OF THE 3RD
Beaumont Roughnecks batting - Pitching for Salem Silver Souls : RHP Roberto Deleón
Batting: SHB Miguel Hurtado 0-0: Foul Ball, location: 2F
0-1: Ball
1-1: Called Strike
1-2: Ball
2-2: Fly out, F8 (Flyball, 8LM)
Batting: LHB Roberto Félix 0-0: Foul Ball, location: 2F
0-1: Ball
1-1: Called Strike
1-2: Strikes out swinging
Batting: RHB Jeff Vickers 0-0: Called Strike
0-1: Ball
1-1: SINGLE (Line Drive, 6MD)
Batting: RHB Cole Boehmer 0-0: Fly out, F7 (Flyball, 7LM)
Top of the 3rd over - 0 runs, 1 hit, 0 errors, 1 left on base; Beaumont 0 - Salem 0
BOTTOM OF THE 3RD
Salem Silver Souls batting - Pitching for Beaumont Roughnecks : LHP Carlos Hernández
Batting: RHB Pedro Rivera 0-0: Ball
1-0: Ball
2-0: Fly out, F6 (Popup, P)
Batting: RHB Jim Villiers 0-0: Ball
1-0: Called Strike
1-1: Ball
2-1: Ball
3-1: Called Strike
3-2: Foul Ball, location: 2F
3-2: Fly out, F8 (Flyball, 8RS)
Batting: LHB Caleb Hall 0-0: Ball
1-0: Ground out 4-3 (Groundball, 4)
Bottom of the 3rd over - 0 runs, 0 hits, 0 errors, 0 left on base; Beaumont 0 - Salem 0
TOP OF THE 4TH
Beaumont Roughnecks batting - Pitching for Salem Silver Souls : RHP Roberto Deleón
Batting: LHB Corey MacGregor 0-0: Swinging Strike
0-1: Ball
1-1: Fly out, F7 (Flyball, 7S)
Batting: SHB Miguel González 0-0: Ball
1-0: Called Strike
1-1: Foul Ball, location: 2F
1-2: Foul Ball, location: 2F
1-2: Foul Ball, location: 2F
1-2: Strikes out swinging
Batting: RHB Jim MacAchounich 0-0: Called Strike
0-1: Ball
1-1: Called Strike
1-2: Foul Ball, location: 2F
1-2: Ball
2-2: Ball
3-2: Foul Ball, location: 2F
3-2: SINGLE (Groundball, 6MD)
Batting: LHB John Fitzgerald 0-0: Ball
1-0: Ball
2-0: Foul Ball, location: 2F
2-1: Called Strike
2-2: Ball
3-2: Foul Ball, location: 2F
3-2: Base on Balls
Jim MacAchounich to second
Batting: RHB António Rodríguez 0-0: Ground out U3 (Groundball, 34)
Top of the 4th over - 0 runs, 1 hit, 0 errors, 2 left on base; Beaumont 0 - Salem 0
BOTTOM OF THE 4TH
Salem Silver Souls batting - Pitching for Beaumont Roughnecks : LHP Carlos Hernández
Batting: RHB Júlio Rodríguez 0-0: Ball
1-0: Foul Ball, location: 2F
1-1: Reached on error, E5 (Groundball, 5)
Batting: RHB Gilberto León 0-0: Ball
1-0: Ball
2-0: Called Strike
2-1: Foul Ball, location: 2F
2-2: SINGLE (Groundball, 4MD)
Júlio Rodríguez to third
Runner from 3rd tries for Home, SAFE, no throw
Batting: RHB Armando García 0-0: Called Strike
0-1: Fly out, F7 (Flyball, 7S)
Batting: RHB Juan Becerra 0-0: Called Strike
0-1: Ball
1-1: Ground out 4-3 (Groundball, 34)
Gilberto León to second
Batting: RHB Elpidio Martinho 0-0: Foul Ball, location: 2F
0-1: Fly out, F9 (Flyball, 9LM)
Bottom of the 4th over - 1 run, 1 hit, 1 error, 1 left on base; Beaumont 0 - Salem 1
TOP OF THE 5TH
Beaumont Roughnecks batting - Pitching for Salem Silver Souls : RHP Roberto Deleón
Batting: SHB Miguel Hurtado 0-0: Swinging Strike
0-1: Swinging Strike
0-2: Strikes out looking
Batting: LHB Roberto Félix 0-0: Called Strike
0-1: Fly out, F5 (Popup, 5F)
Batting: RHB Jeff Vickers 0-0: Swinging Strike
0-1: Swinging Strike
0-2: Foul Ball, location: 2F
0-2: Strikes out looking
Top of the 5th over - 0 runs, 0 hits, 0 errors, 0 left on base; Beaumont 0 - Salem 1
BOTTOM OF THE 5TH
Salem Silver Souls batting - Pitching for Beaumont Roughnecks : LHP Carlos Hernández
Batting: LHB Felipe Rivera 0-0: Ball
1-0: Fly out, F9 (Line Drive, 9LM)
Batting: RHB Pedro Rivera 0-0: Ball
1-0: Foul Ball, location: 2F
1-1: Ball
2-1: Called Strike
2-2: Ground out 6-3 (Groundball, 6)
Batting: RHB Jim Villiers 0-0: Ball
1-0: Called Strike
1-1: Ball
2-1: SINGLE (Line Drive, 56)
Batting: LHB Caleb Hall 0-0: Foul Ball, location: 2F
0-1: Ball
1-1: Ball
2-1: Ground out 4-3 (Groundball, 4)
Bottom of the 5th over - 0 runs, 1 hit, 0 errors, 1 left on base; Beaumont 0 - Salem 1
TOP OF THE 6TH
Beaumont Roughnecks batting - Pitching for Salem Silver Souls : RHP Roberto Deleón
Batting: RHB Cole Boehmer 0-0: Foul Ball, location: 2F
0-1: Ball
1-1: Fly out, F7 (Flyball, 7)
Batting: LHB Corey MacGregor 0-0: Swinging Strike
0-1: Ball
1-1: SINGLE (Flyball, 7S)
Batting: SHB Miguel González 0-0: Foul Ball, location: 2F
0-1: Fly out, F9 (Flyball, 9S)
Batting: RHB Jim MacAchounich 0-0: Ball
1-0: Foul Ball, location: 2F
1-1: Fly out, F7 (Flyball, 7LSF)
Top of the 6th over - 0 runs, 1 hit, 0 errors, 1 left on base; Beaumont 0 - Salem 1
BOTTOM OF THE 6TH
Salem Silver Souls batting - Pitching for Beaumont Roughnecks : LHP Carlos Hernández
Pitching: RHP James Edwards
Batting: RHB Júlio Rodríguez 0-0: Ground out 1-3 (Groundball, 13)
Batting: RHB Gilberto León 0-0: Foul Ball, location: 2F
0-1: Foul Ball, location: 2F
0-2: Ball
1-2: Ball
2-2: Ball
3-2: SINGLE (Line Drive, 89M)
Batting: RHB Armando García 0-0: Ball
1-0: Grounds into double play, 6-4-3 (Groundball, 6)
Bottom of the 6th over - 0 runs, 1 hit, 0 errors, 0 left on base; Beaumont 0 - Salem 1
TOP OF THE 7TH
Beaumont Roughnecks batting - Pitching for Salem Silver Souls : RHP Roberto Deleón
Batting: LHB John Fitzgerald 0-0: Foul Ball, location: 2F
0-1: Ball
1-1: Called Strike
1-2: Reached on error, E5 (Groundball, 56S)
Pitching: LHP Lorenzo Guzmán
Batting: RHB António Rodríguez 0-0: Bunted foul
0-1: Sac Bunt - play at first, batter OUT! 3-4
John Fitzgerald to second
Batting: SHB Miguel Hurtado 0-0: Ball
1-0: Ball
2-0: Called Strike
2-1: SINGLE (Groundball, 4D)
John Fitzgerald to third
Batting: LHB Roberto Félix 0-0: Called Strike
0-1: Swinging Strike
0-2: Strikes out swinging
Batting: RHB Jeff Vickers 0-0: Ball
1-0: Foul Ball, location: 2F
1-1: Swinging Strike
1-2: Strikes out swinging
Top of the 7th over - 0 runs, 1 hit, 1 error, 2 left on base; Beaumont 0 - Salem 1
BOTTOM OF THE 7TH
Salem Silver Souls batting - Pitching for Beaumont Roughnecks : RHP James Edwards
Pitching: RHP Juan Villa
Batting: RHB Juan Becerra 0-0: Called Strike
0-1: Swinging Strike
0-2: Foul Ball, location: 2F
0-2: Ball
1-2: Ball
2-2: Ball
3-2: SINGLE (Line Drive, 8LS)
Pinch Hitting: LHB Nick Scott 0-0: Ball
Throwing error on steal attempt, E2
Juan Becerra to third
1-0: Ball
2-0: Foul Ball, location: 2F
2-1: Bunted foul
2-2: Ball
3-2: Base on Balls
Pinch Hitting: LHB Hamilton Hughes 0-0: Ball
1-0: Ball
2-0: Foul Ball, location: 2F
2-1: Foul Ball, location: 2F
2-2: Fly out, F8 (Flyball, 78M)
Runner from 3rd tags up, SCORES, throw made
Batting: RHB Pedro Rivera 0-0: Ball
1-0: Foul Ball, location: 2F
1-1: Swinging Strike
1-2: Ball
2-2: Foul Ball, location: 2F
2-2: Foul Ball, location: 2F
2-2: Strikes out swinging
Batting: RHB Jim Villiers 0-0: Ball
1-0: Ball
2-0: Ball
3-0: Base on Balls
Nick Scott to second
Batting: LHB Caleb Hall 0-0: Foul Ball, location: 2F
0-1: Foul Ball, location: 2F
0-2: Ball
1-2: Fly out, F7 (Flyball, 7)
Bottom of the 7th over - 1 run, 1 hit, 1 error, 2 left on base; Beaumont 0 - Salem 2
TOP OF THE 8TH
Beaumont Roughnecks batting - Pitching for Salem Silver Souls : LHP Lorenzo Guzmán
Now at 1B: Hamilton Hughes
Now in LF: Nick Scott
Batting: RHB Cole Boehmer 0-0: Swinging Strike
0-1: Called Strike
0-2: Strikes out swinging, 2-3 out at first.
Batting: LHB Corey MacGregor 0-0: Ball
1-0: Foul Ball, location: 2F
1-1: Foul Ball, location: 2F
1-2: Fly out, F8 (Flyball, 8LM)
Batting: SHB Miguel González 0-0: Ball
1-0: Foul Ball, location: 2F
1-1: Ball
2-1: Swinging Strike
2-2: Foul Ball, location: 2F
2-2: Ball
3-2: Strikes out swinging
Top of the 8th over - 0 runs, 0 hits, 0 errors, 0 left on base; Beaumont 0 - Salem 2
BOTTOM OF THE 8TH
Salem Silver Souls batting - Pitching for Beaumont Roughnecks : RHP Juan Villa
Batting: RHB Júlio Rodríguez 0-0: Foul Ball, location: 2F
0-1: Ball
1-1: SINGLE (Groundball, 34) (infield hit)
Pitching: RHP Manny Alaniz
Batting: RHB Gilberto León 0-0: Called Strike
0-1: Ball
1-1: Foul Ball, location: 2F
1-2: Foul Ball, location: 2F
1-2: Ground out 4-3 (Groundball, 4)
Júlio Rodríguez to second
Batting: RHB Armando García 0-0: DOUBLE (Flyball, 8LXD)
Júlio Rodríguez scores
Batting: RHB Juan Becerra 0-0: Called Strike
0-1: Called Strike
0-2: Ball
1-2: Foul Ball, location: 2F
1-2: Ball
2-2: Ball
3-2: Fly out, F5 (Popup, 5SF)
Batting: LHB Nick Scott 0-0: Ball
1-0: Called Strike
1-1: Foul Ball, location: 2F
1-2: Ball
2-2: Foul Ball, location: 2F
2-2: Ball
3-2: Ground out 6-3 (Groundball, 6)
Bottom of the 8th over - 1 run, 2 hits, 0 errors, 1 left on base; Beaumont 0 - Salem 3
TOP OF THE 9TH
Beaumont Roughnecks batting - Pitching for Salem Silver Souls : LHP Lorenzo Guzmán
Pitching: RHP Bartolo Rivera
Batting: RHB Jim MacAchounich 0-0: Ball
1-0: Foul Ball, location: 2F
1-1: Foul Ball, location: 2F
1-2: SOLO HOME RUN (Flyball, 7D), Distance : 385 ft
Batting: LHB John Fitzgerald 0-0: Ball
1-0: Swinging Strike
1-1: Foul Ball, location: 2F
1-2: Foul Ball, location: 2F
1-2: Foul Ball, location: 2F
1-2: Ball
2-2: Strikes out swinging
Batting: RHB António Rodríguez 0-0: Called Strike
0-1: Ball
1-1: Fly out, F8 (Flyball, 8RD)
Batting: SHB Miguel Hurtado 0-0: Fly out, F7 (Flyball, 78D)
Top of the 9th over - 1 run, 1 hit, 0 errors, 0 left on base; Beaumont 1 - Salem 3
Saturday, April 7th, 2018 - OOTP Baseball 18.8 Build 76